 Dungeon Crawl Stone Soup version 0.30-a0-1157-g2cc9ac7196 (webtiles) character file.

Game seed: 5150457745365427674

2233 iamoutofideas the Cleaver (level 9, 0/61 (75) HPs)
             Began as a Hill Orc Monk on Apr 24, 2023.
             Was an Initiate of Gozag.
             Slain by a gnoll
             ... wielding a +2 halberd of draining
              (3 damage)
             ... in a bailey on Apr 25, 2023.
             The game lasted 00:08:08 (6217 turns).

iamoutofideas the Cleaver (Hill Orc Monk)           Turns: 6217, Time: 00:08:10

HP:   0/61 (75)     AC: 16    Str: 18    XL:     9   Next: 36%
MP:   9/9           EV:  6    Int: 10    God:    Gozag
Gold: 115           SH:  5    Dex: 13    Spells: 8/8 levels left

rFire   + . .        t - +2 hand axe (venom)
rCold   + . .        y - +0 buckler
rNeg    . . .        C - +0 plate armour
rPois   +            (no helmet)
rElec   +            (no cloak)
rCorr   +            (no gloves)
SInv    .            (no boots)
Will    .....        (no amulet) Stlth
                     f - +4 ring of protection
HPRegen 0.30/turn    D - +4 ring of slaying
MPRegen 0.11/turn

%: no passive effects
@: mighty, resistant, flying, heavily drained, invisible
A: no striking features
a: Renounce Religion, Potion Petition, Call Merchant, Bribe Branch


You were in a bailey.
You worshipped Gozag.
Gozag was aware of your devotion.
You visited 2 branches of the dungeon, and saw 10 of its levels.
You also visited: Bailey.

You collected 439 gold pieces.
You paid 324 gold pieces to Gozag.

Inventory:

Hand Weapons
 a - a +0 hand axe
 t - a +2 hand axe of venom (weapon)
 E - a +0 war axe
Armour
 d - an orb of light
 e - a +0 chain mail
 k - a +0 scale mail
 y - a +0 buckler (worn)
 C - a +0 plate armour (worn)
Jewellery
 f - a +4 ring of protection (left hand)
 n - a ring of protection from cold
 o - a ring of poison resistance
 v - a ring of protection from cold
 w - a ring of flight
 B - a ring of see invisible
 D - a +4 ring of slaying (right hand)
Wands
 p - a wand of digging (10)
 z - a wand of flame (16)
Scrolls
 b - 2 scrolls of vulnerability
 j - 3 scrolls of teleportation
 r - a scroll of identify
 u - a scroll of fog
 x - 3 scrolls of poison
 A - a scroll of immolation
Potions
 c - 2 potions of ambrosia
 g - a potion of attraction
 l - a potion of invisibility
 m - a potion of lignification {unknown}
 q - a potion of cancellation
 s - a potion of mutation {unknown}
 F - a potion of magic {unknown}


   Skills:
 + Level 6.1 Fighting
 + Level 12.2 Axes
 + Level 5.7 Armour
 + Level 3.3 Dodging
 + Level 4.0 Shields


You had 8 spell levels left.
You didn't know any spells.
Your spell library contained the following spells:

 Spells                   Type           Power      Damage    Failure   Level
 Blink                    Tloc           0%         N/A       100%        2
 Lesser Beckoning         Tloc           0%         N/A       100%        2
 Momentum Strike          Conj/Tloc      0%         3d8       100%        2
 Conjure Ball Lightning   Conj/Air       0%         3x3d6     100%        6
 Discord                  Hex            0%         N/A       100%        8
 Disjunction              Tloc           0%         N/A       100%        8


Dungeon Overview and Level Annotations

Branches:
Dungeon (9/15)             Temple (1/1) D:5          Bailey (1/1)
   Lair: D:8-11         Orc: D:9-12

Altars:
Ashenzari
Cheibriados
Dithmenos
Fedhas
Gozag
Hepliaklqana
Kikubaaqudgha
Makhleb
Nemelex Xobeh
Qazlal
Trog
Uskayaw
Wu Jian
Xom
Yredelemnul
The Shining One

Shops:
D:4 [?=?   D:9 *

Annotations:
D:7 exclusion: downstairs


Message History

It was a potion of resistance.
You feel protected.
It was a potion of flight.
You feel very buoyant.
You fly up into the air.
The orc knight barely misses you.
It was a potion of invisibility.
You fade into invisibility!
The orc knight hits you from afar with a +0 halberd! [a] - 759 gold - haste, heal wounds, resistance and invisibility [b] - 324 gold - invisibility and might [c] - 440 gold - heal wounds, curing, haste and brilliance Purchase which effect?
You don't have enough gold for that! [a] - 759 gold - haste, heal wounds, resistance and invisibility [b] - 324 gold - invisibility and might [c] - 440 gold - heal wounds, curing, haste and brilliance Purchase which effect?
You no longer have enough gold to petition Gozag for potion effects.
You fade further into invisibility.
You feel very mighty all of a sudden. The orc knight barely misses you.
Unknown command.
The orc knight hits you with a +0 halberd!
You closely miss the orc knight.
You catch the helpless orc knight completely off-guard!
You hit the orc knight.
The orc knight is poisoned.
The orc knight is lightly wounded.
The orc knight hits you with a +0 halberd.
The gnoll hits you but does no damage.
You feel drained.
You closely miss the orc knight.
The orc knight is lightly wounded.
The orc knight hits you with a +0 halberd!
* * * LOW HITPOINT WARNING * * *
You catch the helpless orc knight completely off-guard!
You slash the orc knight!
The orc knight is lightly wounded.
The orc knight hits you with a +0 halberd!
* * * LOW HITPOINT WARNING * * *
The gnoll hits you from afar with a +2 halberd of draining.
You die...
Your body crumbles into a pile of gold.

##'##'##'###'##+##'##
#)###)###)#)## ##.#
### ### ##### ### #'#
#.#.###)###)#
+##+##+###'##'##'##
#!.!.!# ##....)##
#.!.!.# ###.....###
+!.⌠.g+ #.'..⌠.)'.#
#.!.!.# ###.@...###
#!.!o$## ##o....#
+##+##'###g##+##'#
##)'g## #.# ##### ##


You could see an orc knight (unable to see you, very poisoned) and 2 gnolls.

Vanquished Creatures
  A hornet (D:9)
  A wyvern (D:9)
  Eustachio (D:4)
  A water moccasin (D:5)
  Duvessa (D:5)
  A sky beast (D:4)
  A black bear (D:5)
  An orc warrior (D:7)
  2 ice beasts
  An ogre (D:4)
  A centaur (D:8)
  A kobold brigand (D:7)
  2 scorpions
  Dowan (D:5)
  3 howler monkeys (D:7)
  3 orc priests
  A hound (D:5)
  An iron imp (D:3)
  An iguana (D:4)
  2 orc wizards (D:7)
  Terence (D:2)
  Natasha (thrice) (D:4)
  8 gnolls (Bailey)
  5 adders
  4 worms
  7 dart slugs
  21 orcs
  12 ball pythons
  8 endoplasms
  3 giant cockroaches
  7 goblins
  3 hobgoblins (D:1)
  11 kobolds
  2 quokkas
  5 bats
  2 frilled lizards (D:2)
  3 rats
132 creatures vanquished.

Notes
Turn   | Place    | Note
-------+----------+-------------------------------------------
     0 | D:1      | iamoutofideas the Hill Orc Monk began the quest for the
                  | Orb.
     0 | D:1      | Reached XP level 1. HP: 19/19 MP: 1/1
    78 | D:1      | Reached XP level 2. HP: 26/26 MP: 2/2
   178 | D:1      | Reached skill level 5 in Axes
   319 | D:1      | Reached XP level 3. HP: 31/31 MP: 3/3
  1133 | D:2      | Reached skill level 6 in Axes
  1254 | D:2      | Noticed Terence
  1278 | D:2      | Killed Terence
  1279 | D:2      | Reached XP level 4. HP: 19/39 MP: 4/4
  1999 | D:3      | Reached skill level 7 in Axes
  2003 | D:3      | Reached XP level 5. HP: 37/45 MP: 5/5
  2099 | D:3      | Found a snail-covered altar of Cheibriados.
  2280 | D:3      | Found a stormy altar of Qazlal.
  2281 | D:3      | Noticed a water elemental
  2281 | D:3      | Noticed an air elemental
  2281 | D:3      | Noticed a fire elemental
  2286 | D:3      | Reached skill level 8 in Axes
  2503 | D:3      | Found a faded altar of an unknown god.
  2612 | D:4      | Noticed a sky beast
  2632 | D:4      | Killed a sky beast
  2633 | D:4      | Reached skill level 9 in Axes
  2633 | D:4      | Reached XP level 6. HP: 39/51 MP: 6/6
  2850 | D:4      | Noticed Natasha
  2853 | D:4      | Killed Natasha
  2854 | D:4      | Reached skill level 1 in Armour
  2880 | D:4      | Found Ecsezor's Magic Scroll Boutique.
  2921 | D:4      | Found Botseg's Jewellery Shoppe.
  2951 | D:4      | Reached XP level 7. HP: 57/58 MP: 7/7
  2967 | D:4      | Reached skill level 10 in Axes
  3041 | D:4      | Noticed Eustachio
  3070 | D:4      | Killed Eustachio
  3116 | D:4      | Noticed Natasha
  3125 | D:4      | Killed Natasha
  3274 | D:4      | Found a burning altar of Makhleb.
  3288 | D:4      | Reached skill level 1 in Shields
  3344 | D:4      | Noticed Natasha
  3352 | D:4      | Killed Natasha
  3448 | D:4      | Found Avibyv's Antique Armour Shoppe.
  3451 | D:4      | Found Inidod's Magic Scroll Shop.
  3625 | D:5      | Entered Level 5 of the Dungeon
  3900 | D:5      | Reached XP level 8. HP: 58/66 MP: 8/8
  4057 | D:5      | Noticed Dowan
  4065 | D:5      | Killed Dowan
  4069 | D:5      | Noticed Duvessa
  4077 | D:5      | Killed Duvessa
  4258 | D:5      | Found a staircase to the Ecumenical Temple.
  4427 | Temple   | Entered the Ecumenical Temple
  4598 | Temple   | Became a worshipper of Gozag Ym Sagoz the Greedy
  4695 | D:5      | Reached skill level 11 in Axes
  4837 | D:5      | Found a shadowy altar of Dithmenos.
  4838 | D:5      | Found a hazy altar of Hepliaklqana.
  4840 | D:5      | Noticed a shadow
  4987 | D:6      | You fall into a shaft and drop 3 floors!
  5012 | D:9      | Found Utifoyk's General Store.
  5019 | D:9      | Noticed a wyvern
  5019 | D:9      | Noticed a hornet
  5029 | D:9      | Killed a wyvern
  5030 | D:9      | Reached skill level 5 in Fighting
  5031 | D:9      | Killed a hornet
  5321 | D:8      | Reached XP level 9. HP: 27/75 MP: 9/9
  5491 | D:7      | Reached skill level 5 in Armour
  5760 | D:7      | Reached skill level 12 in Axes
  5793 | D:7      | Found a flagged portal.
  5802 | Bailey   | Entered a bailey
  6194 | Bailey   | Noticed an orc knight
  6217 | Bailey   | HP: 3/61 [orc knight/+0 halberd (8)]
  6217 | Bailey   | Slain by a gnoll

Illustrated notes

Levels and vault maps discovered:
D:1:      nicolae_arrival_somewhat_less_tricky_arrival, layout_loops_corners
D:2:      layout_basic, serial_corexii_hall, corexii_hall_statues_l,
          chequers_hall_statues_corner_a, guppyfry_early_lair_pool, uniq_terence
D:3:      layout_basic, nicolae_qazlal_style_of_elements, slow_altar_1,
          shapermc_ecumenical_altar_mp_highgroup, kennysheep_nondescript,
          kennysheep_generic_room_2
D:4:      layout_gridville, bloody_makhleb, serial_shops, shop,
          nicolae_stop_n_shop_2, hangedman_decor_push, nicolae_wooded_promenade,
          uniq_natasha, uniq_eustachio
D:5:      layout_loops_cross, riverfiend_overflow_shadow_ancestor,
          lemuel_temple_firewalk_b, uniq_duvessa
D:6:      hellmonk_ruined_rings, layout_loops_cross, vehumet_crystals,
          serial_co_window_serial, co_window_paths_b, co_window_paths_b,
          co_window_paths_a, co_window_cross_1, co_window_paths_a,
          co_window_broadway_b, co_window_broadway_a,
          co_window_of_opportunity_b, co_window_broadway_c, co_window_corner_ca,
          glass_columns_a, glass_columns_a, glass_columns_a,
          hangedman_decor_lopped
D:7:      layout_loops_corners, mainiacjoe_overflow_swirl, enter_bailey_1,
          enter_ossuary_4
D:8:      layout_cave_pools, nicolae_concentric_dashed_squares_wild,
          kennysheep_small_circle
D:9:      layout_irregular_city, nicolae_ru_awakened_eye,
          mainiacjoe_overflow_cross_hatched, chequers_garden,
          nicolae_stop_n_shop_1, minivault_14, uniq_psyche
Temple:   chequers_temple_sunken
Bailey:   bailey_polearm_nasty_gnolls, bailey

Skill      XL: |  1  2  3  4  5  6  7  8  9 |
---------------+----------------------------+-----
Axes           | 5 6 7 9 10 11 12 | 12.2
Armour         | 1 2 4 5 |  5.7
Fighting       | 4 5 6 |  6.1
Shields        | 4 |  4.0
Dodging        | 3 |  3.3

Action                     |  1- 3 |  4- 6 |  7- 9 || total
---------------------------+-------+-------+-------++-------
  Melee: Hand axe          |   114 |   124 |   194 ||   432
 Invoke: Potion Petition   |       |       |     1 ||     1
    Use: Scroll            |       |     4 |     6 ||    10
         Potion            |       |     3 |     5 ||     8
   Stab: Invisible         |       |       |     2 ||     2
         Distracted        |       |       |     1 ||     1
 Armour: Robe              |     4 |       |       ||     4
         Chain mail        |    51 |       |       ||    51
         Scale mail        |       |    48 |    58 ||   106
         Plate armour      |       |       |    29 ||    29
  Dodge: Dodged            |    40 |    52 |    76 ||   168
  Block: Buckler           |       |       |    17 ||    17

Table legend: (Time is in decaauts)
 A = Elapsed time spent in this place.
 B = Non-inter-level travel time spent in this place.
 C = Inter-level travel time spent in this place.
 D = Time resting spent in this place.
 E = Time spent auto-exploring this place.
 F = Levels seen in this place.
 G = Mean time per level.
                   A        B        C        D        E       F      G
               +--------+--------+--------+--------+--------+-----+--------+
         Total |   6237 |   5996 |    241 |    703 |   4177 |  11 |  567.0 |
       Dungeon |   5600 |   5378 |    222 |    703 |   3662 |   9 |  622.2 |
        Temple |    236 |    217 |     19 |      0 |    211 |   1 |  236.0 |
        Bailey |    400 |    400 |      0 |      0 |    304 |   1 |  400.0 |
               +--------+--------+--------+--------+--------+-----+--------+

Top non-repeatable levels by time:
     D:5: 1171 daAuts
     D:4: 1015 daAuts
     D:1: 992 daAuts
     D:3: 847 daAuts
     D:2: 773 daAuts
  Bailey: 400 daAuts
     D:7: 305 daAuts
     D:8: 288 daAuts
  Temple: 236 daAuts
     D:9: 206 daAuts
